 Dungeon Crawl Stone Soup version 0.27-a0-1438-g9b7c6745da (webtiles) character file.

Game seed: 4466420420637238283

101 27snakeeyes612 the Chopper (level 4, 0/41 HPs)
             Began as a Minotaur Berserker on July 4, 2021.
             Was a Believer of Trog.
             Frozen to death by an endoplasm (3 damage)
             ... on level 3 of the Dungeon.
             The game lasted 00:01:13 (1538 turns).

27snakeeyes612 the Chopper (Minotaur Berserker)     Turns: 1538, Time: 00:01:14

Health: 0/41       AC:  3    Str: 22    XL:     4   Next: 48%
Magic:  3/3        EV: 12    Int:  4    God:    Trog [**....]
Gold:   47         SH:  0    Dex: 10    Spells: 3/3 levels left

rFire    . . .     SeeInvis .   j - +0 war axe
rCold    . . .     Faith    .   (no shield)
rNeg     . . .     Spirit   .   i - +0 leather armour
rPois    .         Reflect  .   (helmet restricted)
rElec    .         Harm     .   (no cloak)
rCorr    .         Rampage  .   (no gloves)
Will     ++...                  (no boots)
Stlth    +.........             (no amulet)
HPRegen  1.13/turn              h - ring of flight
MPRegen  0.08/turn              (no ring)

@: strong-willed (expiring), flying, regenerating (expiring)
A: horns 2, retaliatory headbutt
a: Renounce Religion, Berserk, Trog's Hand


You were on level 3 of the Dungeon.
You worshipped Trog.
Trog was pleased with you.
You visited 1 branch of the dungeon, and saw 3 of its levels.

You collected 47 gold pieces.

Inventory:

Hand Weapons
 a - a +0 hand axe
 j - a +0 war axe (weapon)
Missiles
 f - 2 throwing nets (quivered)
Armour
 b - a +0 animal skin
 i - a +0 leather armour (worn)
Jewellery
 h - a ring of flight (left hand)
 l - an amulet of reflection
Scrolls
 c - 2 scrolls of immolation
Potions
 g - a potion of ambrosia {unknown}
 k - a potion of mutation {unknown}
 m - a potion of resistance {unknown}


   Skills:
 + Level 4.6 Fighting
 + Level 4.8 Axes
 + Level 3.2 Armour
 + Level 2.9 Dodging


You had 3 spell levels left.
You didn't know any spells.
Your spell library was empty.

Dungeon Overview and Level Annotations

Branches:
Dungeon (3/15)

Altars:
Makhleb


Innate Abilities, Weirdness & Mutations

You have a pair of horns on your head.
You reflexively headbutt those who attack you in melee.


Message History

You completely miss the orc. Your headbutt misses the orc.
The orc is severely wounded.
You slash the adder!
You kill the adder!
Trog accepts your kill.
You feel very sick.
A bullfrog zombie comes into view.
The orc hits you but does no damage.
You are too injured to fight recklessly!
You are too injured to fight recklessly!
You are too injured to fight recklessly!
You are too injured to fight recklessly!
You are too injured to fight recklessly!
You are too injured to fight recklessly!
You are too injured to fight recklessly!
You are too injured to fight recklessly!
You are too injured to fight recklessly!
You are too injured to fight recklessly!
You are too injured to fight recklessly!
You feel sick.
An endoplasm comes into view.
Your skin crawls.
You feel strong-willed.
You feel sick. Something hits you.
You feel sick.
You feel sick.
You feel sick.
You feel sick.
You feel sick.
You are no longer poisoned.
The endoplasm barely misses you.
The orc priest mumbles some strange prayers to Beogh against you.
Beogh smites you!
* * * LOW HITPOINT WARNING * * *
It was a potion of flight.
You feel more buoyant.
You feel the effects of Trog's Hand fading.
The endoplasm freezes you.
You are frozen.
You die...

# .. # ##.. ##. ##. #..
. .# ..##.. #.# .. ..#
.....# ##.# .. ...
.....##..###.#.. ###Z##
#.##....<....... #
##.....##.###.....####.#
#.#.......#.oo.@..).#
#.#......†#.#.J.#.###
#....._...Z.o..##.##
#.#.....(.#.?.......
##.#.......#.##....# #..
#..?..##....####
#..####.####.####..
#...........).....#
#.#........†...####


You could see an orc priest, 2 orcs, a bullfrog zombie and an endoplasm.

Vanquished Creatures
  A jelly (D:2)
  4 adders
  A dart slug (D:1)
  A ball python (D:1)
  5 endoplasms
  2 giant cockroaches
  A hobgoblin (D:1)
  2 kobolds
  2 bats (D:2)
  3 frilled lizards
  6 goblins
  5 rats
33 creatures vanquished.

Notes
Turn   | Place    | Note
-------+----------+-------------------------------------------
     0 | D:1      | 27snakeeyes612 the Minotaur Berserker began the quest for
                  | the Orb.
     0 | D:1      | Reached XP level 1. HP: 19/19 MP: 0/0
   302 | D:1      | Reached XP level 2. HP: 24/27 MP: 1/1
   413 | D:1      | Found a faded altar of an unknown god.
  1038 | D:2      | Reached XP level 3. HP: 33/33 MP: 2/2
  1236 | D:2      | Reached ** piety under Trog
  1268 | D:2      | Reached XP level 4. HP: 27/41 MP: 3/3
  1493 | D:3      | Found a burning altar of Makhleb.
  1537 | D:3      | HP: 2/41 [orc priest/divine providence (14)]
  1538 | D:3      | Frozen to death by an endoplasm

Illustrated notes

Levels and vault maps discovered:
D:1:      dpeg_arrival_water_fire, layout_basic,
          hellmonk_ecumenical_altar_blasted, minivault_23
D:2:      layout_rooms
D:3:      layout_rooms, old_standard_altar, gup_sewer_entry_bubbles

Skill      XL: |  1  2  3 |
---------------+----------+-----
Axes           | 4 |  4.8
Fighting       | 4 |  4.6
Armour         | 3 |  3.2
Dodging        | |  2.9

Action                   |  1- 3 |  4- 6 || total
-------------------------+-------+-------++-------
Melee: Hand axe          |    41 |       ||    41
       Headbutt          |     6 |     2 ||     8
       War axe           |    18 |    14 ||    32
Invok: Trog's Hand       |       |     1 ||     1
  Use: Scroll            |       |     3 ||     3
       Potion            |       |     1 ||     1
 Stab: Sleeping          |     1 |       ||     1
Armor: Animal skin       |     8 |       ||     8
       Leather armour    |     6 |     6 ||    12
Dodge: Dodged            |    30 |    10 ||    40

Table legend: (Time is in decaauts)
 A = Elapsed time spent in this place.
 B = Non-inter-level travel time spent in this place.
 C = Inter-level travel time spent in this place.
 D = Time resting spent in this place.
 E = Time spent auto-exploring this place.
 F = Levels seen in this place.
 G = Mean time per level.
                   A        B        C        D        E       F      G
               +--------+--------+--------+--------+--------+-----+--------+
         Total |   1548 |   1501 |     47 |      0 |   1278 |   3 |  516.0 |
       Dungeon |   1548 |   1501 |     47 |      0 |   1278 |   3 |  516.0 |
               +--------+--------+--------+--------+--------+-----+--------+

Top non-repeatable levels by time:
     D:1: 837 daAuts
     D:2: 650 daAuts
     D:3: 60 daAuts
